 Dungeon Crawl Stone Soup version 0.18.1-48-g4cf74bf (webtiles) character file.

76 Wooh the Skirmisher (level 4, -3/33 HPs)
             Began as an Octopode Transmuter on June 9, 2016.
             Slain by a worm (4 damage)
             ... on level 2 of the Dungeon on Sept 8, 2016.
             The game lasted 00:04:47 (1531 turns).

Wooh the Skirmisher (Octopode Transmuter)           Turns: 1531, Time: 00:04:47

Health: -3/33      AC:  1    Str:  6 (9)  XL:     4   Next: 32%
Magic:  7/7        EV: 12    Int: 12 (15) God:
Gold:   70         SH:  0    Dex: 11 (13) Spells: 2 memorised, 4 levels left

rFire  . . .     SeeInvis .       - Unarmed
rCold  . . .     Gourm    .     (no shield)
rNeg   . . .     Faith    .     (helmet restricted)
rPois  .         Spirit   .     (no amulet)
rElec  .         Dismiss  .     (no ring)
rCorr  .         Reflect  .     (no ring)
SustAt .         Harm     .     (no ring)
MR     .....                    (no ring)
Stlth  ++........               (no ring)
                                (no ring)
                                (no ring)
                                (no ring)

@: not resistant to hostile enchantments, unstealthy
A: almost no armour, amphibious, 8 rings, constrict 8, camouflage 1, gelatinous
body 1
a: no special abilities


You were on level 2 of the Dungeon.
You were not hungry.

You visited 1 branch of the dungeon, and saw 2 of its levels.

You collected 70 gold pieces.

Inventory:

Missiles
 a - 31 arrows
Scrolls
 d - 5 scrolls of remove curse {unknown}
 e - 2 scrolls of amnesia {unknown}
 f - a scroll of random uselessness {unknown}
 g - a scroll of teleportation {unknown}
 h - 2 scrolls of identify {unknown}
 m - a scroll of immolation {unknown}
Books
 b - a book of Changes

   Spells                             Type                      Level
   a - Beastly Appendage              Transmutation                1
   b - Sticks to Snakes               Transmutation                2
   c - Spider Form                    Transmutation/Poison         3
   d - Ice Form                       Ice/Transmutation            4
   e - Blade Hands                    Transmutation                5
Comestibles
 c - 2 bread rations
 k - 2 chunks of flesh
 l - a meat ration


   Skills:
 + Level 4.0 Fighting
 - Level 2.0 Dodging
 - Level 3.0 Unarmed Combat
 - Level 2.0 Spellcasting
 - Level 2.0 Transmutations


You had 4 spell levels left.
You knew the following spells:

 Your Spells              Type           Power        Failure   Level  Hunger
a - Beastly Appendage     Trmt           #.....       12%         1    ##.....
b - Sticks to Snakes      Trmt           #.......     17%         2    ###....


Dungeon Overview and Level Annotations

Branches:
Dungeon (2/15)

Altars:
Ashenzari


Innate Abilities, Weirdness & Mutations

You cannot wear most types of armour.
You are amphibious.
You can wear up to eight rings at the same time.
You can use your tentacles to constrict eight enemies at once.
Your skin changes colour to match your surroundings (Stealth).
Your rubbery body absorbs attacks (AC +1).


Message History

The worm bites you. The worm closely misses you. The worm misses you.
The worm bites you. The worm closely misses you. The worm barely misses you.
The worm closely misses you. The worm bites you!
* * * LOW HITPOINT WARNING * * *
The worm barely misses you. The worm misses you. The worm bites you.
* * * LOW HITPOINT WARNING * * *
The worm barely misses you. The worm bites you.
* * * LOW HITPOINT WARNING * * *
The worm misses you. The worm closely misses you. The worm bites you.
You die...

..#.#######.
#...(.)....#
............
#.########.#
..#.####### #.# ##.##
###†# #.#######...###
#.# #.##..........# #.#
#.##.####...#.# #.#
########.# #.# ##.##.#
#.# #[......## ..#
#.##.# #.# #.######@#
#.# #.##.# ##.# #.#
##w##.# ##.##.# #..#
#.# ###.# #...#.# #.##
#.##########.####...#.#
#.#
#.....................#
#.#
############..........#
#.# ####.......# #.#
#.#...### #.# #.....#


You could see a worm.

Vanquished Creatures
  5 adders (D:2)
  A worm (D:2)
  A giant gecko (D:2)
  2 bats (D:2)
  A giant cockroach (D:2)
  4 hobgoblins
  A kobold (D:2)
  A quokka (D:2)
  A giant newt (D:2)
  7 goblins
  4 rats
28 creatures vanquished.

Notes
Turn   | Place    | Note
--------------------------------------------------------------
     0 | D:1      | Wooh the Octopode Transmuter began the quest for the Orb.
     0 | D:1      | Reached XP level 1. HP: 13/13 MP: 3/3
    61 | D:1      | Found a shattered altar of Ashenzari.
   202 | D:1      | Reached skill level 2 in Fighting
   202 | D:1      | Reached XP level 2. HP: 18/19 MP: 5/5
   787 | D:2      | Learned a level 2 spell: Sticks to Snakes
  1090 | D:2      | Reached XP level 3. HP: 20/25 MP: 6/6
  1105 | D:2      | Reached skill level 3 in Fighting
  1406 | D:2      | Reached XP level 4. HP: 23/33 MP: 5/7
  1445 | D:2      | Reached skill level 4 in Fighting
  1454 | D:2      | Upgraded the game from 0.18.1-8-gdd0e5ea to 0.18.1-48-g4cf74bf
  1526 | D:2      | HP: 1/33 [worm (3)]
  1531 | D:2      | Slain by a worm

Skill      XL: |  1  2  3  4 |
---------------+-------------+-----
Fighting       | 2 3 4 |  4.0
Dodging        | |  2.0
Unarmed Combat | |  3.0
Spellcasting   | |  2.0
Transmutations | |  2.0

Action                   |  1- 3 |  4- 6 || total
-------------------------+-------+-------++-------
Melee: Unarmed           |    70 |     6 ||    76
       Constrict         |    19 |     1 ||    20
       Tentacles         |    11 |     1 ||    12
       Kick              |     4 |     2 ||     6
       Punch             |     2 |       ||     2
 Cast: Beastly Appendage |     5 |     1 ||     6
       Sticks to Snakes  |     1 |       ||     1
  Use: Potion            |       |     3 ||     3
 Stab: Sleeping          |     2 |       ||     2
       Distracted        |     1 |       ||     1
  Eat: Chunk             |     2 |       ||     2
Armor: Skin              |     6 |     1 ||     7
Dodge: Dodged            |    41 |    13 ||    54
